 Dungeon Crawl Stone Soup version 0.29.1-12-g30fa7ad0bf (webtiles) character file.

Game seed: 11732227615816133847

179 hawla the Firebug (level 6, 0/45 HPs)
             Began as a Meteoran Fire Elementalist on Jan 8, 2023.
             Slain by a phantom (3 damage)
             ... in a sewer.
             The game lasted 00:07:41 (832 turns).

hawla the Firebug (Meteoran Fire Elementalist)       Turns: 832, Time: 00:07:42

Health: 0/45       AC:  2    Str:  9    XL:     6   Next: 14%
Magic:  1/11       EV: 12    Int: 19    God:
Gold:   27         SH:  0    Dex: 15    Spells: 4/11 levels left

rFire   . . .      SeeInvis .   (no weapon)
rCold   . . .      Faith    .   (no shield)
rNeg    . . .      Spirit   .   a - +0 robe
rPois   .          Reflect  .   (no helmet)
rElec   .          Harm     .   (no cloak)
rCorr   .          Rampage  .   (no gloves)
Will    .....                   (no boots)
Stlth   +.........              (no amulet)
HPRegen 0.15/turn               (no ring)
MPRegen 0.12/turn               (no ring)

@: glowing
A: sense surroundings 1, otherworldly, glowing, explore regen
a: no special abilities


You were in a sewer.
You visited 1 branch of the dungeon, and saw 3 of its levels.
You also visited: Sewer.

You collected 27 gold pieces.

Inventory:

Armour
 a - a +0 robe (worn)
Potions
 c - a potion of cancellation


   Skills:
 + Level 0.2 Fighting
 + Level 2.6 Dodging
 - Level 1.4 Stealth
 + Level 3.2 Spellcasting
 + Level 4.9 Conjurations
 + Level 4.9 Fire Magic


You had 4 spell levels left.
You knew the following spells:

 Your Spells              Type           Power      Damage    Failure   Level
a - Foxfire               Conj/Fire      84%        2x1d8     1%          1
b - Scorch                Fire           44%        2d7       3%          2
c - Flame Wave            Conj/Fire      21%        2d8       19%         4

Your spell library contained the following spells:

 Spells                   Type           Power      Damage    Failure   Level
 Conjure Flame            Conj/Fire      21%        6-21      6%          3
 Inner Flame              Hex/Fire       12%        N/A       16%         3


Dungeon Overview and Level Annotations

Branches:
Dungeon (3/15) Zot: 1149    Sewer (1/1) Zot: 422

Altars:

Shops:
D:1 [(*


Innate Abilities, Weirdness & Mutations

You passively map a small area around you.
You are easily found by Zot.
You glow in the dark.
You regain HP and MP as you explore.


Message History

You shout for attention!
Your foxfire dissipates!
Your foxfire dissipates!
Unknown command.
Your extra speed is starting to run out.
Your foxfire dissipates!
Casting: Foxfire (safe; 1% risk of failure)
Confirm with . or Enter, or press ? or * to list all spells.
You conjure some foxfire!
Casting: Foxfire (safe; 1% risk of failure)
Confirm with . or Enter, or press ? or * to list all spells.
You conjure some foxfire!
The foxfire hits the phantom!
The phantom is moderately damaged.
Casting: Foxfire (safe; 1% risk of failure)
Confirm with . or Enter, or press ? or * to list all spells.
You conjure some foxfire!
The foxfire hits the phantom.
The phantom is moderately damaged.
The foxfire hits the phantom.
The phantom is heavily damaged.
The foxfire hits the phantom.
The phantom is heavily damaged.
The foxfire hits the phantom.
The phantom is heavily damaged.
The foxfire hits the phantom but does no damage.
The phantom is heavily damaged.
Okay, then.
You aren't carrying any scrolls.
Okay, then.
You aren't carrying any scrolls.
You feel yourself slow down.
Things that are here:
a +0 club; 5 stones; a kobold corpse The phantom attacks as you move away!
The phantom hits you. The phantom attacks as you move away!
The phantom hits you. The phantom attacks as you move away!
The phantom hits you.
* * * LOW HITPOINT WARNING * * *
The phantom attacks as you move away! The phantom hits you!
* * * LOW HITPOINT WARNING * * *
The phantom attacks as you move away! The phantom hits you.
You die...

##### ##...## #..∩..#
#..∩..# #..)..# ##...##
###.#####################
#.......@W.....)...#≈≈≈≈≈
#~~.~~~~~~.~≈≈~~~~..≈≈~≈≈
#≈≈≈≈≈≈~≈~≈≈≈≈≈≈≈~.#≈≈≈≈≈
################~~.######
#~..#≈≈≈≈≈ #≈~.#≈≈≈≈≈
#≈~†#≈≈≈≈≈ #~~.#≈≈≈≈≈
#≈≈v#≈≈≈≈≈


You could see a phantom.

Vanquished Creatures
  A kobold brigand (Sewer)
  An adder (D:2)
  4 shadow imps (Sewer)
  2 ufetubi (Sewer)
  2 dart slugs (D:1)
  2 endoplasms
  3 giant cockroaches
  3 goblins
  3 hobgoblins
  3 jackals (D:2)
  15 kobolds
  5 quokkas
  6 ball pythons
  3 bats
  A frilled lizard (D:1)
  2 kobold zombies (Sewer)
  4 rats
60 creatures vanquished.

Vanquished Creatures (others)
  132 foxfires
132 creatures vanquished.

Grand Total: 192 creatures vanquished

Notes
Turn   | Place    | Note
-------+----------+-------------------------------------------
     0 | D:1      | hawla the Meteoran Fire Elementalist began the quest for
                  | the Orb.
     0 | D:1      | Reached XP level 1. HP: 14/14 MP: 5/5
    63 | D:1      | Reached XP level 2. HP: 16/20 MP: 2/6
    66 | D:1      | Learned a level 2 spell: Scorch
    77 | D:1      | Found Conuerreuti's General Store.
   156 | D:1      | Found Issotin's Weapon Boutique.
   334 | D:1      | Reached XP level 3. HP: 26/26 MP: 5/8
   343 | D:1      | Found Atruizem's Antique Armour Shop.
   528 | D:2      | Reached XP level 4. HP: 27/33 MP: 1/9
   535 | D:3      | Learned a level 4 spell: Flame Wave
   628 | D:3      | Found a glowing drain.
   642 | Sewer    | Entered a sewer
   709 | Sewer    | Reached XP level 5. HP: 10/38 MP: 5/10
   719 | Sewer    | Noticed a kobold brigand
   746 | Sewer    | Found an ancient bone altar of Kikubaaqudgha.
   747 | Sewer    | Noticed a phantom
   749 | Sewer    | Killed a kobold brigand
   750 | Sewer    | Reached XP level 6. HP: 22/45 MP: 4/11
   832 | Sewer    | Slain by a phantom

Illustrated notes

Levels and vault maps discovered:
D:1:      dpeg_arrival_radiant, layout_loops_ring, serial_shops,
          nicolae_shop_stone, nicolae_square_shop, nicolae_shop_hallway_plus,
          shop, shop, nrook_loot_triangle, st_stairs_3, corner_web_ring,
          minmay_misc_feat_rugged
D:2:      layout_basic, hellmonk_ecumenical_altar_arch_garden,
          kennysheep_generic_room_6, uniq_sigmund
D:3:      layout_basic, gup_sewer_entry_pipe, uniq_robin
Sewer:    kennysheep_sewer_church

Skill      XL: |  1  2  3  4  5 |
---------------+----------------+-----
Fire Magic     | 4 |  4.9
Spellcasting   | 3 |  3.2
Conjurations   | 3 4 |  4.9
Fighting       | |  0.2
Dodging        | |  2.6
Stealth        | |  1.4

Action                   |  1- 3 |  4- 6 || total
-------------------------+-------+-------++-------
Melee: Unarmed           |     5 |     1 ||     6
 Cast: Foxfire           |    42 |    37 ||    79
       Scorch            |     5 |     4 ||     9
       Flame Wave        |       |     2 ||     2
  Use: Scroll            |       |     2 ||     2
       Potion            |       |     2 ||     2
Armor: Robe              |    10 |     5 ||    15
Dodge: Dodged            |    13 |    16 ||    29
